 Dungeon Crawl Stone Soup version 0.27.1-33-g824d729ab1 (webtiles) character file.

Game seed: 970553511697031227

10199 Atelerd the Thaumaturge (level 11, -1/136 HPs)
             Began as an Octopode Earth Elementalist on Dec 29, 2021.
             Was a Follower of Sif Muna.
             Slain by a killer bee (4 damage)
             ... on level 2 of the Lair of Beasts.
             The game lasted 00:23:37 (14242 turns).

Atelerd the Thaumaturge (OpEE)                     Turns: 14242, Time: 00:23:38

Health: -1/136     AC: 29    Str:  7    XL:     11   Next: 58%
Magic:  23/27      EV:  2    Int: 21    God:    Sif Muna [*.....]
Gold:   721        SH:  0    Dex: 13    Spells: 29/34 levels left

rFire    . . .     SeeInvis .   E - +3 dagger (venom)
rCold    . . .     Faith    .   (no shield)
rNeg     + + +     Spirit   .   (helmet currently unavailable)
rPois    +         Reflect  .   (no amulet)
rElec    .         Harm     .   y - ring of poison resistance
rCorr    .         Rampage  .   d - +4 ring of protection
Will     .....     NoTele   +   (no ring)
Stlth    ..........             (no ring)
HPRegen  0.32/turn              (no ring)
MPRegen  0.20/turn              (no ring)
                                (no ring)
                                (no ring)

@: berserking, tree-form, very slightly contaminated, invisible, very quick
A: stationary, stasis, torment immunity, boosted hp, almost no armour,
(amphibious), 8 rings, (camouflage 1), (gelatinous body 1), (nimble swimmer 1),
(tentacles)
a: Renounce Religion, Channel Magic


You were on level 2 of the Lair of Beasts.
You worshipped Sif Muna.
Sif Muna was aware of your devotion.
You were a tree.
You visited 3 branches of the dungeon, and saw 13 of its levels.
You also visited: Ossuary.

You collected 861 gold pieces.
You spent 140 gold pieces at shops.

Inventory:

Hand Weapons
 z - a +2 scimitar of electrocution
 E - a +3 dagger of venom (weapon)
Missiles
 b - 280 stones
 n - a throwing net
Jewellery
 d - a +4 ring of protection (right branch)
 i - a ring of protection from fire
 y - a ring of poison resistance (left branch)
 I - a ring of see invisible
Wands
 u - a wand of flame (13)
 C - a wand of iceblast (11)
 D - a wand of polymorph (12)
Scrolls
 a - a scroll of magic mapping
 h - 2 scrolls of enchant armour
 j - 2 scrolls of enchant weapon {unknown}
 k - a scroll of fear {unknown}
 m - a scroll of summoning {unknown}
 o - a scroll of fog
 p - a scroll of silence
 q - a scroll of amnesia {unknown}
 s - 2 scrolls of brand weapon {unknown}
 w - 4 scrolls of teleportation {unknown}
 B - 3 scrolls of noise {unknown}
Potions
 c - 2 potions of haste
 e - a potion of berserk rage
 g - 2 potions of lignification
 l - 4 potions of curing
 r - a potion of resistance
 t - a potion of invisibility
 v - a potion of flight
 x - a potion of attraction {unknown}
 G - 2 potions of brilliance {unknown}
 H - a potion of heal wounds {unknown}


   Skills:
 - Level 2.0 Short Blades
 - Level 4.0 Dodging
 + Level 9.3 Stealth
 - Level 12.0 Spellcasting
 - Level 3.0 Transmutations
 + Level 8.6 Earth Magic
 - Level 5.0 Invocations


You had 29 spell levels left.
You knew the following spells:

 Your Spells              Type           Power      Damage    Failure   Level
a - Sandblast             Erth           96%        2d20      1%          1
p - Petrify               Tmut/Erth      37%        N/A       4%          4

Your spell library contained the following spells:

 Spells                   Type           Power      Damage    Failure   Level
 Passwall                 Tmut/Erth      30%        N/A       1%          2
 Stone Arrow              Conj/Erth      60%        3d10      2%          3
 Static Discharge         Conj/Air       12%        N/A       8%          2
 Leda's Liquefaction      Hex/Erth       15%        N/A       9%          4
 Ignite Poison            Fire/Tmut/Pois 16%        N/A       11%         3
 Call Canine Familiar     Summ           12%        N/A       16%         3
 Conjure Flame            Conj/Fire      12%        6-21      16%         3
 Portal Projectile        Hex/Tloc       24%        N/A       16%         3
 Dispel Undead            Necr           12%        3d9       45%         4
 Sticky Flame             Conj/Fire      12%        2d4       45%         4


Dungeon Overview and Level Annotations

Branches:
Dungeon (10/15)            Temple (1/1) D:7            Lair (2/6) D:8
Ossuary (visited)
  Swamp: Lair:2-4    Shoals: Lair:2-4     Snake: Lair:2-4    Spider: Lair:2-4
    Orc: D:9-12

Altars:
Ashenzari
Cheibriados
Dithmenos
Elyvilon
Fedhas
Gozag
Hepliaklqana
Kikubaaqudgha
Makhleb
Nemelex Xobeh
Okawaru
Qazlal
Ru
Sif Muna
Trog
Uskayaw
Vehumet
Wu Jian
Xom
Yredelemnul
Zin
The Shining One

Shops:
D:8 *

Annotations:
D:2 exclusion: downstairs
D:3 2 runed translucent doors, Crazy Yiuf; Tzialkovskiy's ghost, weakling TrFi
D:4 exclusion: downstairs
D:5 exclusion: downstairs
D:8 1 runed translucent door, kalagan's ghost, novice DECj
Lair:1 exclusion: 2 downstairs


Innate Abilities, Weirdness & Mutations

You are a tree.
Your roots penetrate the ground, keeping you stationary.
You cannot be teleported.
You are immune to unholy pain and torment.
Your maximum health is greatly increased.
You cannot wear most types of armour.
((You are amphibious.))
You can wear up to eight rings at the same time.
((Your skin changes colour to match your surroundings (Stealth+).))
((Your rubbery body absorbs attacks. (AC +1, EV +1)))
((You are camouflaged near water. (Stealth+)))
((You have tentacles for arms and can constrict up to eight enemies at once.))


Message History

The killer bee stings you.
* * * LOW HITPOINT WARNING * * *
Unknown command.
Unknown command.
A red film seems to cover your vision as you go berserk!
You feel yourself moving faster!
You feel mighty!
The killer bee buzzes angrily. x3; You hear an angry buzzing noise.
The killer bee stings you.
* * * LOW HITPOINT WARNING * * *
The killer bee stings you but does no damage. x5
The killer bee barely misses you. The killer bee stings you.
* * * LOW HITPOINT WARNING * * *
Unknown command.
You barely miss the killer bee.
The killer bee is severely wounded.
The killer bee buzzes angrily. x2
The killer bee stings you but does no damage.
The killer bee stings you.
* * * LOW HITPOINT WARNING * * *
The killer bee stings you but does no damage. x3
Unknown command.
You catch the helpless killer bee completely off-guard!
You impale the killer bee!!
You kill the killer bee!
Sif Muna accepts your kill.
The killer bee buzzes angrily. x3
The killer bee stings you but does no damage.
The killer bee stings you.
* * * LOW HITPOINT WARNING * * *
The killer bee stings you but does no damage.
Unknown command.
Unknown command.
You puncture the killer bee!
You kill the killer bee!
Sif Muna accepts your kill.
The killer bee buzzes angrily. x3; You hear an angry buzzing noise. x2
The killer bee stings you.
* * * LOW HITPOINT WARNING * * *
The killer bee stings you.
You die...

########## .........#
.........#### .......$.. .#
.........##.# ###
........y..#######.##
..y...yy♣......##P..#####
###y#..yP..........#.....
#.............<......
#....................
#....†............... .....##
#.................... ......#
#.........#.......... ....(.#
#.........#..........
......#######....................


You could see 6 killer bees.

Vanquished Creatures
  A hydra (Lair:2)
  Pikel (D:6)
  A centaur zombie (D:6)
  4 cane toads
  Maggie (D:6)
  3 komodo dragons (Lair:1)
  A polar bear (Lair:1)
  A troll (D:10)
  Grinder (D:3)
  Prince Ribbit (D:6)
  Sigmund (D:3)
  A shadow (D:10)
  2 wyverns (D:8)
  A basilisk (D:8)
  3 vampire mosquitoes (D:10)
  6 water moccasins
  An acid dragon (D:8)
  An orc warrior (D:8)
  A sky beast (D:8)
  An ice beast (D:5)
  4 black bears
  2 necrophages
  2 wolves (D:8)
  An ogre (D:7)
  4 centaurs
  A phantom (D:7)
  2 kobold brigands (D:9)
  5 bullfrogs
  3 gnoll sergeants
  2 scorpions
  A water moccasin zombie (D:4)
  10 killer bees
  3 wights (D:10)
  2 lava snakes (D:7)
  A bullfrog zombie (D:5)
  4 hounds
  An orc priest (D:9)
  2 gnoll shamans
  A centaur skeleton (D:7)
  3 jellies
  2 bullfrog skeletons (D:6)
  Jessica (D:2)
  An iguana (D:5)
  3 orc wizards
  Natasha (thrice) (D:2)
  A killer bee zombie (D:7)
  A hound skeleton (D:4)
  8 mummies (Ossuary)
  3 howler monkey zombies
  21 gnolls
  8 adders
  An ufetubus (D:5)
  3 worms
  2 dart slugs
  16 orcs
  7 endoplasms
  2 giant cockroaches (D:1)
  A gnoll zombie (Ossuary)
  6 goblins
  2 hobgoblins (D:3)
  9 kobolds
  2 quokkas (D:1)
  4 ball pythons
  5 bats
  3 frilled lizards
  2 hobgoblin zombies (Ossuary)
  3 kobold zombies (Ossuary)
  2 orc zombies (Ossuary)
  6 rats
215 creatures vanquished.

Vanquished Creatures (collateral kills)
  A gnoll (D:7)
1 creature vanquished.

Vanquished Creatures (others)
  2 gnolls (D:7)
  A bush (D:8)
  5 fungi
  26 plants
34 creatures vanquished.

Grand Total: 250 creatures vanquished

Notes
Turn   | Place    | Note
-------+----------+-------------------------------------------
     0 | D:1      | Atelerd the Octopode Earth Elementalist began the quest for
                  | the Orb.
     0 | D:1      | Reached XP level 1. HP: 11/11 MP: 3/3
   241 | D:1      | Reached XP level 2. HP: 1/17 MP: 0/5
  1611 | D:2      | Reached XP level 3. HP: 21/21 MP: 6/6
  1891 | D:2      | Noticed Jessica
  1904 | D:2      | Killed Jessica
  1905 | D:2      | Reached XP level 4. HP: 20/27 MP: 0/8
  2022 | D:2      | Found a burning altar of Makhleb.
  2083 | D:2      | Noticed Natasha
  2091 | D:2      | Killed Natasha
  2092 | D:2      | Reached skill level 3 in Spellcasting
  2170 | D:2      | Found a faded altar of an unknown god.
  2291 | D:2      | Noticed Natasha
  2298 | D:2      | Killed Natasha
  2299 | D:2      | Reached XP level 5. HP: 22/31 MP: 8/10
  2431 | D:2      | Noticed Natasha
  2437 | D:2      | Killed Natasha
  2593 | D:3      | Noticed Sigmund
  2595 | D:3      | Noticed Grinder
  2599 | D:3      | Killed Sigmund
  2600 | D:3      | Reached skill level 4 in Spellcasting
  2600 | D:3      | Reached skill level 5 in Earth Magic
  2600 | D:3      | Reached XP level 6. HP: 36/36 MP: 9/12
  2612 | D:2      | Learned a level 4 spell: Petrify
  2867 | D:3      | Killed Grinder
  2868 | D:3      | Reached XP level 7. HP: 21/41 MP: 1/14
  3080 | D:3      | Reached skill level 5 in Spellcasting
  3188 | D:3      | Found a runed translucent door.
  3192 | D:3      | Noticed Tzialkovskiy's ghost (weakling TrFi)
  3666 | D:3      | Found a runed translucent door.
  3667 | D:3      | Noticed Crazy Yiuf
  4204 | D:4      | Reached skill level 1 in Short Blades
  4271 | D:4      | Found an ornate altar of the Wu Jian Council.
  4666 | D:5      | Entered Level 5 of the Dungeon
  4681 | D:5      | Found a sand-covered staircase.
  4695 | Ossuary  | Entered an ossuary
  4746 | Ossuary  | Reached XP level 8. HP: 46/46 MP: 3/15
  4907 | Ossuary  | Reached skill level 5 in Stealth
  6030 | D:5      | Found an opulent altar of Gozag.
  6288 | D:5      | Found a basalt altar of Yredelemnul.
  6288 | D:5      | Found a broken altar of Ashenzari.
  6468 | D:6      | Reached skill level 6 in Spellcasting
  6468 | D:6      | Reached XP level 9. HP: 51/51 MP: 14/18
  6712 | D:6      | Noticed Prince Ribbit
  6721 | D:6      | Killed Prince Ribbit
  6722 | D:6      | Reached skill level 7 in Spellcasting
  7081 | D:6      | Noticed Pikel
  7092 | D:6      | Killed Pikel
  7093 | D:6      | Reached skill level 8 in Spellcasting
  7147 | D:6      | Found a radiant altar of Vehumet.
  7367 | D:6      | Noticed Maggie
  7381 | D:6      | Killed Maggie
  7382 | D:6      | Reached skill level 9 in Spellcasting
  8446 | D:7      | Reached XP level 10. HP: 52/56 MP: 21/23
  8642 | D:7      | Reached skill level 10 in Spellcasting
  8791 | D:7      | Found a staircase to the Ecumenical Temple.
  8845 | D:7      | Found a stormy altar of Qazlal.
  8898 | Temple   | Entered the Ecumenical Temple
  9064 | D:8      | Found a staircase to the Lair.
  9447 | D:8      | Found Ushiulokh's General Store.
  9480 | D:8      | Bought a scroll of identify for 28 gold pieces
  9480 | D:8      | Bought a scroll of identify for 28 gold pieces
  9480 | D:8      | Bought a potion of curing for 42 gold pieces
  9480 | D:8      | Bought a potion of lignification for 42 gold pieces
  9545 | D:8      | Noticed a +0 falchion
  9545 | D:8      | Noticed a +0 short sword
  9546 | D:8      | Noticed a +0 falchion
  9547 | D:8      | Noticed a +0 dagger
  9547 | D:8      | Noticed a +0 dagger
  9547 | D:8      | Noticed a +0 short sword
  9548 | D:8      | Noticed a +0 spear
  9549 | D:8      | Noticed a +0 spear
  9550 | D:8      | Found a hide-covered altar of Uskayaw.
  9613 | D:8      | Reached skill level 11 in Spellcasting
 10169 | D:8      | Found a shimmering blue altar of Sif Muna.
 10205 | D:8      | Found a runed translucent door.
 10207 | D:8      | Noticed a death knight
 10207 | D:8      | Noticed kalagan's ghost (novice DECj)
 10240 | D:8      | Became a worshipper of Sif Muna the Loreminder
 10365 | D:8      | Reached skill level 1 in Invocations
 11395 | D:10     | Entered Level 10 of the Dungeon
 11653 | D:10     | Found a sacrificial altar of Ru.
 11830 | D:10     | Noticed a two-headed ogre
 11868 | D:10     | Reached XP level 11. HP: 61/61 MP: 11/26
 12083 | Lair:1   | Entered Level 1 of the Lair of Beasts
 12344 | Lair:1   | Reached * piety under Sif Muna
 12351 | Lair:1   | Reached skill level 5 in Invocations
 13379 | Lair:2   | Noticed an eight-headed hydra
 13391 | Lair:2   | Killed an eight-headed hydra
 14009 | Lair:2   | Reached skill level 12 in Spellcasting
 14240 | Lair:2   | HP: 5/136 [killer bee (5)]
 14242 | Lair:2   | Slain by a killer bee

Illustrated notes

Levels and vault maps discovered:
D:1:      denvon_arrival_planthouse, layout_basic
D:2:      layout_rooms, hellmonk_ecumenical_altar_zigzags, basic_altar,
          uniq_jessica, uniq_natasha
D:3:      layout_loops_ring, gammafunk_ghost_grave, uniq_grinder,
          uniq_crazy_yiuf_cottage, uniq_sigmund
D:4:      layout_basic, nzn_wu_jian_contemplation
D:5:      layout_rooms, mainiacjoe_overflow_small_starburst,
          mainiacjoe_overflow_divided_tiny, enter_ossuary_1
D:6:      layout_basic, lemuel_tele_altar, serial_curves, eino_curves_01,
          eino_curves_01, uniq_pikel, uniq_prince_ribbit1, uniq_maggie
D:7:      layout_gridville, mainiacjoe_overflow_alcove_4, temple_hall,
          hex_medium, grunt_decor_junction, grunt_ministairs_14
D:8:      layout_basic, kennysheep_little_box, nicolae_uskayaw_en_pointe,
          minmay_lair_entry_grove, ebering_ghost_inner_flame, serial_shops, shop
D:9:      layout_roguey
D:10:     layout_basic, nicolae_ru_awakened_eye, minmay_circle_x
Temple:   cyrus_circular_temple
Lair:1:   layout_cave_pods, cheibrodos_lair_caveside_slide,
          hangedman_lair_unloving_vines
Lair:2:   layout_hall_layers, special_room [special_room_bee], st_stairs_13,
          grunt_megastairs_4

Skill      XL: |  1  2  3  4  5  6  7  8  9 10 11 |
---------------+----------------------------------+-----
Transmutations | 2 3 |  3.0
Spellcasting   | 3 4 5 6 9 11 12 | 12.0
Earth Magic    | 4 5 6 7 8 |  8.6
Stealth        | 4 6 7 9 |  9.3
Short Blades   | 1 2 |  2.0
Dodging        | 4 |  4.0
Invocations    | 3 5 |  5.0

Action                   |  1- 3 |  4- 6 |  7- 9 | 10-12 || total
-------------------------+-------+-------+-------+-------++-------
Melee: Unarmed           |    15 |       |       |       ||    15
       Constrict         |    12 |     5 |    38 |    26 ||    81
       Tentacles         |    10 |     3 |    27 |    20 ||    60
       Dagger            |    18 |    20 |   121 |   100 ||   259
       Scimitar          |       |       |    16 |    36 ||    52
 Cast: Sandblast         |    22 |    21 |    97 |    98 ||   238
       Petrify           |       |     2 |    26 |    54 ||    82
Evoke: Wand              |       |       |     6 |     5 ||    11
  Use: Scroll            |       |       |     5 |     6 ||    11
       Potion            |       |       |     3 |     4 ||     7
 Stab: Sleeping          |     8 |     2 |     8 |     4 ||    22
       Petrified         |       |     5 |    44 |    68 ||   117
       Petrifying        |       |       |     1 |     4 ||     5
       Invisible         |       |       |       |     1 ||     1
Armor: Skin              |     4 |     1 |     5 |    67 ||    77
Dodge: Dodged            |    23 |    19 |    89 |   134 ||   265
       Rpst.: Scimitar   |       |       |     2 |    13 ||    15
